 Dungeon Crawl Stone Soup version 0.29.1 (webtiles) character file.

Game seed: 4258070664171888034

2873 qw the Cleaver (level 9, -2/121 HPs)
             Began as a Minotaur Berserker on Sept 13, 2022.
             Was a Priest of Trog.
             Succumbed to a hornet's poison
             ... on level 8 of the Dungeon.
             The game lasted 00:02:37 (9499 turns).

qw the Cleaver (Minotaur Berserker)                 Turns: 9499, Time: 00:02:38

Health: -2/121     AC: 12    Str: 33    XL:     9   Next: 47%
Magic:  8/8        EV:  8    Int:  4    God:    Trog [***...]
Gold:   296        SH:  0    Dex:  9    Spells: 8/8 levels left

rFire   . . .      SeeInvis .   Y - +3 war axe (flame)
rCold   + . .      Faith    .   (no shield)
rNeg    . . .      Spirit   .   i - +0 plate armour
rPois   .          Reflect  .   (helmet restricted)
rElec   .          Harm     .   (no cloak)
rCorr   .          Rampage  .   (no gloves)
Will    .....                   (no boots)
Stlth   ..........              (no amulet)
HPRegen 0.30/turn               j - +6 ring of strength
MPRegen 0.11/turn               a - ring of protection from cold

@: berserking, lethally poisoned (-2 -> -29), slowed
A: horns 2, retaliatory headbutt
a: Renounce Religion, Berserk, Trog's Hand


You were on level 8 of the Dungeon.
You worshipped Trog.
Trog was most pleased with you.
You visited 1 branch of the dungeon, and saw 8 of its levels.

You collected 386 gold pieces.
You spent 90 gold pieces at shops.


Innate Abilities, Weirdness & Mutations

You have a pair of horns on your head.
You reflexively headbutt those who attack you in melee.


   Skills:
 - Level 8.1 Fighting
 + Level 13.5 Axes
 - Level 5.1 Armour
 - Level 2.1 Dodging


You had 8 spell levels left.
You didn't know any spells.
Your spell library was empty.

Inventory:

Hand Weapons
 Y - a +3 war axe of flaming (weapon)
Armour
 i - a +0 plate armour (worn)
 n - a +2 scale mail of fire resistance
Jewellery
 a - a ring of protection from cold (right hand)
 j - a +6 ring of strength (left hand)
 o - a ring of fire
Scrolls
 f - 2 scrolls of teleportation
 g - a scroll of identify
Potions
 b - a potion of degeneration {unknown}
 c - a potion of mutation
 d - a potion of resistance
 h - 4 potions of haste
 k - a potion of might
 l - a potion of curing
 m - 6 potions of heal wounds

Dungeon Overview and Level Annotations

Branches:
Dungeon (8/15)             Temple (0/1) D:5
   Lair: D:8-11

Altars:
Dithmenos
Fedhas
Hepliaklqana
Kikubaaqudgha
Nemelex Xobeh
Qazlal
Ru
Sif Muna
Vehumet
Wu Jian
Zin

Shops:
D:3 =*(*[


Message History

You feel very sick.
The hornet stings you but does no damage. x2
You barely miss the hornet.
The hornet is almost dead.
You feel very sick.
The hornet stings you but does no damage.
The orc closely misses you. The hornet stings you.
You are more poisoned.
You feel as though you will be slow longer.
9496 ||| INVOKING Berserk.
A red film seems to cover your vision as you go berserk!
You feel yourself moving faster!
You feel mighty!
You feel very sick. The hornet stings you!
You feel as though you will be slow longer.
The orc hits you with a +0 mace. The orc barely misses you.
The hornet stings you.
You are lethally poisoned!
You feel as though you will be slow longer.
The orc completely misses you. The orc hits you but does no damage.
You barely miss the hornet.
The hornet is almost dead.
You slash the orc! You burn the orc.
You kill the orc!
Trog accepts your kill.
You feel very sick. The hornet stings you.
You are more poisoned.
You feel as though you will be slow longer.
The orc closely misses you.
You miss the hornet. Your headbutt misses the hornet.
The hornet is almost dead.
You feel very sick. The hornet closely misses you. You furiously retaliate!
You headbutt the hornet.
An orc warrior opens the door.
The orc barely misses you. The hornet stings you!
You feel as though you will be slow longer.
You slash the hornet! You burn the hornet.
You kill the hornet!
Trog accepts your kill.
You die...

. #.#.# #.##.... ..
#.#.###.#...#. ...
#.#.......#.#. ....
#.#..##.#.#.#. .o...
#.....#.#.#.#.
oo..y.#####..##.#.#...#.
#...o##.............
..o#####%.#..####.####..
...'...@)....# ..... #..
...#......#..#.......#.#
#.........#... ...#..
#.....>.#.... ...
#.....###.#.. #..
#.....# .#.... #..
#.....# .# ... #.....#
.# ##.


You could see an orc warrior and an orc.

Vanquished Creatures
  A hornet (D:8)
  Sigmund (D:3)
  A steam dragon (D:6)
  Menkaure (D:7)
  Edmund (D:5)
  3 black bears
  2 sky beasts
  An orc warrior (D:4)
  3 ice beasts
  A centaur (D:5)
  2 ogres (D:6)
  2 bullfrogs
  2 kobold brigands
  A necrophage (D:5)
  2 scorpions
  A howler monkey (D:5)
  4 hounds
  A jelly (D:7)
  5 orc priests
  A gnoll bouda (D:5)
  2 iguanas
  7 orc wizards
  4 gnolls (D:5)
  7 adders
  2 shadow imps
  2 white imps
  An ufetubus (D:6)
  5 worms (D:2)
  3 dart slugs
  27 orcs
  4 ball pythons
  3 endoplasms
  3 giant cockroaches
  8 goblins
  6 hobgoblins
  3 quokkas
  8 bats
  4 frilled lizards
  13 kobolds
  7 rats
155 creatures vanquished.

Vanquished Creatures (others)
  6 fungi (D:3)
6 creatures vanquished.

Grand Total: 161 creatures vanquished

Notes
Turn   | Place    | Note
-------+----------+-------------------------------------------
     0 | D:1      | qw the Minotaur Berserker began the quest for the Orb.
     0 | D:1      | Reached XP level 1. HP: 19/19 MP: 0/0
     0 | D:1      | 0 ||| qw: Version: 0.1-a-119-g272c26d
     0 | D:1      | 0 ||| qw: Game counter: 11145
     0 | D:1      | 0 ||| qw: Always use a shield: true
     0 | D:1      | 0 ||| qw: Do Orc after D:15 true
     0 | D:1      | 0 ||| qw: Do second Lair branch before Depths: true
     0 | D:1      | 0 ||| qw: Lair rune preference: random
     0 | D:1      | 0 ||| qw: Plans: Normal
     0 | D:1      | 0 ||| PLANNING D:1-11
    82 | D:1      | Reached skill level 4 in Axes
   146 | D:1      | Reached XP level 2. HP: 26/26 MP: 1/1
   582 | D:1      | Reached skill level 5 in Axes
   942 | D:1      | Reached XP level 3. HP: 31/31 MP: 2/2
  1121 | D:1      | 1121 ||| UPGRADING to +0 chain mail.
  1131 | D:1      | 1131 ||| DROPPING +0 animal skin.
  1132 | D:1      | 1132 ||| READING scroll labelled MEWNYM HUAKE.
  1133 | D:1      | 1133 ||| DRINKING 2 amethyst potions.
  1134 | D:1      | 1134 ||| DRINKING 2 blue potions.
  1135 | D:1      | 1135 ||| DROPPING potion of flight.
  1183 | D:2      | 1183 ||| INVOKING Berserk.
  1309 | D:2      | 1309 ||| INVOKING Berserk.
  1634 | D:2      | 1634 ||| SWAPPING to +0 war axe.
  1635 | D:2      | 1635 ||| Stepping ~*~*~tactically~*~*~ (stealth).
  1796 | D:2      | 1796 ||| DROPPING +0 vorpal hand axe.
  2013 | D:2      | 2013 ||| INVOKING Berserk.
  2016 | D:2      | Reached XP level 4. HP: 39/39 MP: 3/3
  2119 | D:2      | 2119 ||| DROPPING +0 club.
  2128 | D:2      | Reached skill level 6 in Axes
  2151 | D:2      | Reached ** piety under Trog
  2558 | D:2      | Found a faded altar of an unknown god.
  2627 | D:2      | 2627 ||| UPGRADING to +6 ring of strength.
  2628 | D:2      | 2628 ||| READING 3 scrolls labelled TASEMO GICVALO.
  2629 | D:2      | 2629 ||| READING scroll labelled EMAGURCH AWEX.
  2630 | D:2      | 2630 ||| READING scroll labelled HOZXYUR YPLOG.
  2631 | D:2      | 2631 ||| READING scroll labelled KUXTEUSAMAS.
  2632 | D:2      | 2632 ||| READING scroll labelled FOQUACSAVU.
  2635 | D:2      | 2635 ||| DRINKING 2 smoky pink potions.
  2636 | D:2      | 2636 ||| DROPPING 2 scrolls of fear.
  2734 | D:3      | Found Nalurij's Jewellery Shoppe.
  2737 | D:3      | 2737 ||| SHOPLISTING +4 ring of protection (504 gold, have
                  | 77).
  2737 | D:3      | 2737 ||| SHOPLISTING +6 ring of dexterity (504 gold, have
                  | 77).
  2737 | D:3      | 2737 ||| SHOPLISTING ring of fire (350 gold, have 77).
  2737 | D:3      | 2737 ||| SHOPLISTING ring of poison resistance (280 gold,
                  | have 77).
  2737 | D:3      | 2737 ||| SHOPLISTING ring of protection from fire (350
                  | gold, have 77).
  2770 | D:3      | Identified the +1 ring mail of the Unbroken {Harm +Inv
                  | Slay+3}
  2782 | D:3      | Found Dulooniuw's Assorted Antiques.
  2789 | D:3      | 2789 ||| Stepping ~*~*~tactically~*~*~ (hiding).
  2833 | D:3      | 2833 ||| BUYING fuming golden potion (21 gold).
  2833 | D:3      | Bought a fuming golden potion for 21 gold pieces
  2833 | D:3      | 2833 ||| SHOPLISTING pair of gloves (108 gold, have 70).
  2833 | D:3      | 2833 ||| SHOPLISTING potion of curing (72 gold, have 70).
  2833 | D:3      | 2833 ||| BUYING puce potion (21 gold).
  2833 | D:3      | Bought a puce potion for 21 gold pieces
  2833 | D:3      | 2833 ||| BUYING scroll labelled HOHONI ISOSOMN (24 gold).
  2833 | D:3      | Bought a scroll labelled HOHONI ISOSOMN for 24 gold pieces
  2833 | D:3      | 2833 ||| BUYING scroll labelled XEFER NIORONUO (24 gold).
  2833 | D:3      | Bought a scroll labelled XEFER NIORONUO for 24 gold pieces
  2833 | D:3      | 2833 ||| SHOPLISTING scroll of identify (48 gold, have 1).
  2863 | D:3      | Found Laxut's Armour Boutique.
  2873 | D:3      | 2873 ||| SHOPLISTING +0 cloak (58 gold, have 1).
  2873 | D:3      | 2873 ||| SHOPLISTING +2 buckler of resistance (539 gold,
                  | have 1).
  2911 | D:3      | Found Suix's General Store.
  2924 | D:3      | 2924 ||| SHOPLISTING +1 hat (132 gold, have 1).
  2924 | D:3      | 2924 ||| SHOPLISTING +6 ring of dexterity (432 gold, have
                  | 1).
  2924 | D:3      | 2924 ||| SHOPLISTING scroll of identify (24 gold, have 1).
  2969 | D:3      | Found Zado's Antique Weapon Emporium.
  2977 | D:3      | 2977 ||| SHOPLISTING flail (63 gold, have 18).
  2977 | D:3      | 2977 ||| SHOPLISTING glowing hand axe (108 gold, have 18).
  3053 | D:3      | Found an ornate altar of the Wu Jian Council.
  3064 | D:3      | 3064 ||| Stepping ~*~*~tactically~*~*~ (hiding).
  3066 | D:3      | 3066 ||| Stepping ~*~*~tactically~*~*~ (hiding).
  3069 | D:3      | 3069 ||| INVOKING Berserk.
  3074 | D:3      | 3074 ||| DRINKING 2 potions of curing.
  3074 | D:3      | 3074 ||| (to cure confusion)
  3078 | D:3      | 3078 ||| DRINKING potion of curing.
  3078 | D:3      | 3078 ||| (to cure confusion)
  3091 | D:3      | 3091 ||| Stepping ~*~*~tactically~*~*~ (stealth).
  3092 | D:3      | 3092 ||| Stepping ~*~*~tactically~*~*~ (stealth).
  3093 | D:3      | 3093 ||| Stepping ~*~*~tactically~*~*~ (stealth).
  3114 | D:3      | 3114 ||| FLEEEEING.
  3115 | D:3      | 3115 ||| FLEEEEING.
  3116 | D:3      | 3116 ||| FLEEEEING.
  3117 | D:3      | 3117 ||| FLEEEEING.
  3118 | D:3      | 3118 ||| FLEEEEING.
  3120 | D:3      | 3120 ||| FLEEEEING.
  3121 | D:3      | 3121 ||| FLEEEEING.
  3122 | D:3      | 3122 ||| FLEEEEING.
  3123 | D:3      | 3123 ||| FLEEEEING.
  3124 | D:3      | 3124 ||| FLEEEEING.
  3125 | D:3      | 3125 ||| FLEEEEING.
  3126 | D:3      | 3126 ||| FLEEEEING.
  3127 | D:3      | 3127 ||| FLEEEEING.
  3128 | D:3      | 3128 ||| FLEEEEING.
  3129 | D:3      | 3129 ||| FLEEEEING.
  3130 | D:3      | 3130 ||| FLEEEEING.
  3133 | D:3      | 3133 ||| FLEEEEING.
  3134 | D:3      | 3134 ||| FLEEEEING.
  3135 | D:3      | 3135 ||| FLEEEEING.
  3136 | D:3      | 3136 ||| FLEEEEING.
  3142 | D:3      | 3142 ||| STAIRDANCE
  3172 | D:2      | 3172 ||| READING scroll labelled HOHONI ISOSOMN.
  3173 | D:2      | 3173 ||| READING scroll labelled XEFER NIORONUO.
  3174 | D:2      | 3174 ||| READING scroll labelled LIMITOUBIR.
  3188 | D:3      | 3188 ||| Stepping ~*~*~tactically~*~*~ (hiding).
  3191 | D:3      | 3191 ||| Stepping ~*~*~tactically~*~*~ (hiding).
  3194 | D:3      | 3194 ||| INVOKING Berserk.
  3197 | D:3      | Reached skill level 7 in Axes
  3197 | D:3      | Reached XP level 5. HP: 45/45 MP: 4/4
  3283 | D:3      | Noticed Sigmund
  3284 | D:3      | 3284 ||| Stepping ~*~*~tactically~*~*~ (hiding).
  3292 | D:3      | 3292 ||| INVOKING Berserk.
  3295 | D:3      | Killed Sigmund
  3296 | D:3      | Reached XP level 6. HP: 57/57 MP: 5/5
  3534 | D:3      | 3534 ||| READING scroll of brand weapon.
  3534 | D:3      | 3534 ||| BRANDING +1 war axe.
  3535 | D:3      | 3535 ||| DROPPING +0 mace.
  3745 | D:3      | 3745 ||| DRINKING 2 metallic emerald potions.
  3746 | D:3      | 3746 ||| DRINKING 2 fizzy blue potions.
  3747 | D:3      | 3747 ||| DROPPING potion of magic.
  3928 | D:4      | 3928 ||| Stepping ~*~*~tactically~*~*~ (stealth).
  3929 | D:4      | Noticed an orc warrior
  3934 | D:4      | 3934 ||| INVOKING Berserk.
  3935 | D:4      | 3935 ||| INVOKING Berserk.
  3939 | D:4      | Killed an orc warrior
  3940 | D:4      | Reached skill level 8 in Axes
  4060 | D:4      | Found a blossoming altar of Fedhas.
  4069 | D:4      | 4069 ||| INVOKING Berserk.
  4380 | D:4      | Reached XP level 7. HP: 62/62 MP: 6/6
  4542 | D:4      | 4542 ||| Stepping ~*~*~tactically~*~*~ (stealth).
  4593 | D:4      | Identified the +3 trident "Impbane" {venom, rElec rPois
                  | rF++ Dex-4}
  4600 | D:4      | Found a hazy altar of Hepliaklqana.
  4679 | D:4      | Found an ancient bone altar of Kikubaaqudgha.
  4962 | D:4      | 4962 ||| READING scroll of enchant weapon.
  4962 | D:4      | 4962 ||| ENCHANTING +1 war axe of flaming.
  5186 | D:4      | 5186 ||| UPGRADING to +0 plate armour.
  5196 | D:4      | 5196 ||| DROPPING +0 chain mail.
  5197 | D:4      | 5197 ||| READING scroll labelled DEILUSCH XEKLANN.
  5198 | D:4      | 5198 ||| READING 2 scrolls of identify.
  5198 | D:4      | 5198 ||| IDENTIFYING fuming golden potion
  5199 | D:4      | 5199 ||| DROPPING potion of brilliance.
  5239 | D:5      | Entered Level 5 of the Dungeon
  5242 | D:5      | 5242 ||| Stepping ~*~*~tactically~*~*~ (stealth).
  5248 | D:5      | 5248 ||| INVOKING Berserk.
  5251 | D:5      | Reached skill level 3 in Armour
  5370 | D:5      | Identified the +2 leather armour of Noasem {rF+ Regen+
                  | Dex+2}
  5452 | D:5      | 5452 ||| Stepping ~*~*~tactically~*~*~ (hiding).
  5460 | D:5      | Reached skill level 9 in Axes
  5471 | D:5      | 5471 ||| INVOKING Berserk.
  5535 | D:5      | 5535 ||| Stepping ~*~*~tactically~*~*~ (stealth).
  5542 | D:5      | 5542 ||| Stepping ~*~*~tactically~*~*~ (stealth).
  5543 | D:5      | 5543 ||| Stepping ~*~*~tactically~*~*~ (stealth).
  5545 | D:5      | 5545 ||| Stepping ~*~*~tactically~*~*~ (stealth).
  5555 | D:5      | Reached skill level 10 in Axes
  5620 | D:5      | Found a staircase to the Ecumenical Temple.
  5720 | D:5      | 5720 ||| Stepping ~*~*~tactically~*~*~ (hiding).
  5725 | D:5      | Reached *** piety under Trog
  5726 | D:5      | 5726 ||| INVOKING Berserk.
  5908 | D:5      | Reached skill level 6 in Fighting
  5908 | D:5      | Reached XP level 8. HP: 59/70 MP: 7/7
  5994 | D:5      | Found a shadowy altar of Dithmenos.
  6076 | D:5      | Noticed Edmund
  6078 | D:5      | 6078 ||| INVOKING Berserk.
  6084 | D:5      | Killed Edmund
  6359 | D:5      | 6359 ||| READING scroll labelled HOL UMPUERA.
  6517 | D:5      | 6517 ||| READING scroll labelled GYSHEI QEPSUPS.
  6518 | D:5      | 6518 ||| DRINKING 2 coppery potions.
  6519 | D:5      | 6519 ||| READING 3 scrolls of identify.
  6519 | D:5      | 6519 ||| IDENTIFYING fuming green potion
  6520 | D:5      | 6520 ||| READING 2 scrolls of identify.
  6520 | D:5      | 6520 ||| IDENTIFYING puce potion
  6521 | D:5      | 6521 ||| DROPPING potion of lignification.
  6522 | D:5      | 6522 ||| DROPPING potion of invisibility.
  6583 | D:6      | Found a stormy altar of Qazlal.
  6589 | D:6      | Found a glowing silver altar of Zin.
  6593 | D:6      | Reached skill level 11 in Axes
  6659 | D:6      | 6659 ||| Stepping ~*~*~tactically~*~*~ (hiding).
  6663 | D:6      | 6663 ||| INVOKING Berserk.
  6681 | D:6      | 6681 ||| Stepping ~*~*~tactically~*~*~ (stealth).
  6812 | D:6      | 6812 ||| Stepping ~*~*~tactically~*~*~ (stealth).
  6820 | D:6      | 6820 ||| Stepping ~*~*~tactically~*~*~ (stealth).
  6826 | D:6      | 6826 ||| INVOKING Berserk.
  7048 | D:6      | 7048 ||| INVOKING Berserk.
  7050 | D:6      | Reached skill level 12 in Axes
  7362 | D:6      | 7362 ||| INVOKING Berserk.
  7391 | D:6      | 7391 ||| Stepping ~*~*~tactically~*~*~ (stealth).
  7413 | D:6      | 7413 ||| INVOKING Berserk.
  7422 | D:6      | Reached XP level 9. HP: 79/79 MP: 8/8
  7699 | D:6      | 7699 ||| READING scroll labelled TATSUACIMYE.
  7700 | D:6      | 7700 ||| READING 4 scrolls of identify.
  7700 | D:6      | 7700 ||| IDENTIFYING red potion
  7701 | D:6      | 7701 ||| READING 3 scrolls of identify.
  7701 | D:6      | 7701 ||| IDENTIFYING smoky black potion
  7702 | D:6      | 7702 ||| READING 2 scrolls of identify.
  7702 | D:6      | 7702 ||| IDENTIFYING bubbling golden potion
  7703 | D:6      | 7703 ||| DROPPING potion of berserk rage.
  7704 | D:6      | 7704 ||| DROPPING potion of ambrosia.
  7767 | D:7      | 7767 ||| INVOKING Berserk.
  7923 | D:7      | 7923 ||| INVOKING Berserk.
  8052 | D:7      | 8052 ||| Stepping ~*~*~tactically~*~*~ (hiding).
  8071 | D:7      | Reached skill level 13 in Axes
  8139 | D:7      | Found a sparkling altar of Nemelex Xobeh.
  8174 | D:7      | Found a radiant altar of Vehumet.
  8179 | D:7      | Noticed Menkaure
  8180 | D:7      | 8180 ||| Stepping ~*~*~tactically~*~*~ (hiding).
  8183 | D:7      | 8183 ||| Stepping ~*~*~tactically~*~*~ (hiding).
  8185 | D:7      | 8185 ||| Stepping ~*~*~tactically~*~*~ (hiding).
  8188 | D:7      | 8188 ||| INVOKING Berserk.
  8189 | D:7      | HP: 28/118 [Menkaure (5)]
  8191 | D:7      | Killed Menkaure
  8450 | D:7      | 8450 ||| READING scroll of enchant weapon.
  8450 | D:7      | 8450 ||| ENCHANTING +2 war axe of flaming.
  8452 | D:7      | 8452 ||| Stepping ~*~*~tactically~*~*~ (stealth).
  8453 | D:7      | 8453 ||| Stepping ~*~*~tactically~*~*~ (stealth).
  8454 | D:7      | 8454 ||| Stepping ~*~*~tactically~*~*~ (stealth).
  8468 | D:7      | 8468 ||| Stepping ~*~*~tactically~*~*~ (stealth).
  8469 | D:7      | 8469 ||| Stepping ~*~*~tactically~*~*~ (stealth).
  8473 | D:7      | 8473 ||| Stepping ~*~*~tactically~*~*~ (stealth).
  8474 | D:7      | 8474 ||| FLEEEEING.
  8475 | D:7      | 8475 ||| FLEEEEING.
  8476 | D:7      | 8476 ||| FLEEEEING.
  8477 | D:7      | 8477 ||| FLEEEEING.
  8478 | D:7      | 8478 ||| FLEEEEING.
  8479 | D:7      | 8479 ||| FLEEEEING.
  8480 | D:7      | 8480 ||| FLEEEEING.
  8481 | D:7      | 8481 ||| FLEEEEING.
  8482 | D:7      | 8482 ||| FLEEEEING.
  8483 | D:7      | 8483 ||| FLEEEEING.
  8484 | D:7      | 8484 ||| FLEEEEING.
  8486 | D:7      | 8486 ||| FLEEEEING.
  8487 | D:7      | 8487 ||| FLEEEEING.
  8488 | D:7      | 8488 ||| FLEEEEING.
  8489 | D:7      | 8489 ||| FLEEEEING.
  8491 | D:7      | 8491 ||| FLEEEEING.
  8492 | D:7      | 8492 ||| FLEEEEING.
  8494 | D:7      | 8494 ||| FLEEEEING.
  8495 | D:7      | 8495 ||| FLEEEEING.
  8496 | D:7      | 8496 ||| FLEEEEING.
  8497 | D:7      | 8497 ||| FLEEEEING.
  8498 | D:7      | 8498 ||| FLEEEEING.
  8499 | D:7      | 8499 ||| FLEEEEING.
  8501 | D:7      | 8501 ||| FLEEEEING.
  8502 | D:7      | 8502 ||| FLEEEEING.
  8503 | D:7      | 8503 ||| FLEEEEING.
  8504 | D:7      | 8504 ||| FLEEEEING.
  8512 | D:7      | 8512 ||| FLEEEEING.
  8513 | D:7      | 8513 ||| FLEEEEING.
  8518 | D:7      | 8518 ||| STAIRDANCE
  8757 | D:6      | 8757 ||| READING 2 scrolls of identify.
  8757 | D:6      | 8757 ||| IDENTIFYING murky inky potion
  8777 | D:7      | Found a sacrificial altar of Ru.
  8816 | D:7      | Found a shimmering blue altar of Sif Muna.
  9325 | D:7      | 9325 ||| UPGRADING to ring of protection from cold.
  9486 | D:8      | 9486 ||| Stepping ~*~*~tactically~*~*~ (stealth).
  9488 | D:8      | 9488 ||| Stepping ~*~*~tactically~*~*~ (hiding).
  9491 | D:8      | Paralysed by a hornet for 2 turns
  9496 | D:8      | 9496 ||| INVOKING Berserk.
  9496 | D:8      | HP: 25/121 [hornet (6)]
  9498 | D:8      | HP: 11/121 [poisoned by a hornet]
  9498 | D:8      | HP: 2/121 [hornet (9)]
  9499 | D:8      | Succumbed to a hornet's poison

Levels and vault maps discovered:
D:1:      heliophobic_arrival_henge, layout_basic, wad_floor_pattern_1
D:2:      minmay_wonky_spiral, layout_loops_corners,
          shapermc_ecumenical_altar_mp_vishouse
D:3:      layout_basic, mainiacjoe_overflow_chevrons, serial_shops,
          shop_fountains, nicolae_square_shop, nicolae_shop_trees, shop,
          shop_fountains, uniq_sigmund
D:4:      layout_layer_cave, lemuel_coloured_pillars_altar,
          mainiacjoe_overflow_catwalk, old_standard_altar
D:5:      layout_basic, lemuel_round_altar,
          minmay_temple_entry_drinking_statues, uniq_edmund
D:6:      layout_basic, mainiacjoe_overflow_concentric_impassable,
          kennysheep_mini, minmay_checkerbox
D:7:      layout_loops_ring, lemuel_crystal_altar, nicolae_vehumet_radiance,
          led_sif_pool, lemuel_tele_altar, due_unseen_surprise, uniq_menkaure
D:8:      layout_basic, old_standard_altar, erik_lair_dragon,
          kennysheep_opposing_triangles

Skill      XL: |  1  2  3  4  5  6  7  8  9 |
---------------+----------------------------+-----
Axes           | 4 5 7 8 10 12 13 | 13.5
Fighting       | 5 6 7 8 |  8.1
Armour         | 4 5 |  5.1
Dodging        | |  2.1

Action                   |  1- 3 |  4- 6 |  7- 9 || total
-------------------------+-------+-------+-------++-------
Melee: Hand axe          |    56 |       |       ||    56
       Headbutt          |    10 |     8 |    22 ||    40
       War axe           |    15 |    72 |   162 ||   249
Invok: Berserk           |     3 |     5 |    13 ||    21
  Use: Potion            |     2 |     5 |     1 ||     8
       Scroll            |     1 |     9 |    13 ||    23
Armor: Animal skin       |     6 |       |       ||     6
       Chain mail        |    14 |    32 |     5 ||    51
       Plate armour      |       |       |    69 ||    69
Dodge: Dodged            |    39 |    24 |    41 ||   104

Table legend:
 A = Non-vault XP
 B = Vault XP
 C = Vault XP percentage of total XP
 D = Non-vault monster count
 E = Vault monster count
 F = Vault count percentage of total count
                 A         B        C        D         E       F
            +---------+---------+-------+---------+---------+-------
      Total |    3571 |     826 |  18.8 |     143 |      12 |   7.7
            +---------+---------+-------+---------+---------+-------
        D:1 |      43 |       0 |   0.0 |      25 |       0 |   0.0
        D:2 |      58 |      25 |  30.1 |      16 |       5 |  23.8
        D:3 |     103 |     214 |  67.5 |      14 |       1 |   6.7
        D:4 |     360 |       0 |   0.0 |      19 |       0 |   0.0
        D:5 |     735 |     164 |  18.2 |      22 |       1 |   4.3
        D:6 |     975 |     251 |  20.5 |      17 |       4 |  19.0
        D:7 |     895 |     172 |  16.1 |      21 |       1 |   4.5
        D:8 |     402 |       0 |   0.0 |       9 |       0 |   0.0
            +---------+---------+-------+---------+---------+-------
